 Dungeon Crawl Stone Soup version 0.20-a0-785-g17250f0 (webtiles) character file.

25 nono the Chucker (level 3, -1/19 HPs)
             Began as a Vine Stalker Hunter on Feb 27, 2017.
             Slain by a jackal (2 damage)
             ... on level 1 of the Dungeon.
             The game lasted 00:02:36 (202 turns).

nono the Chucker (Vine Stalker Hunter)               Turns: 202, Time: 00:02:37

Health: -1/19      AC:  3    Str: 15    XL:     3   Next: 6%
Magic:  0/4        EV: 12    Int: 11    God:
Gold:   23         SH:  0    Dex: 14    Spells: 2/2 levels left

rFire    . . .     SeeInvis .   h - +2 whip (venom)
rCold    . . .     Gourm    .   b - +0 leather armour
rNeg     . . .     Faith    .   (no shield)
rPois    .         Spirit   +   (no helmet)
rElec    .         Reflect  .   (no cloak)
rCorr    .         Harm     .   (no gloves)
MR       .....                  (no boots)
Stlth    ++........             (no amulet)
Regen    0.1/turn               (no ring)
MPRegen  0.1/turn               (no ring)

@: no status effects
A: fangs 2, magic shield, antimagic bite, no potion heal 3, rot immunity
a: no special abilities


You were on level 1 of the Dungeon.
You were not hungry.

You visited 1 branch of the dungeon, and saw 1 of its levels.

You collected 23 gold pieces.

Inventory:

Hand Weapons
 a - a +0 short sword
 h - a +2 whip of venom (weapon)
Missiles
 c - 3 javelins (quivered)
 d - 2 throwing nets
 e - 7 tomahawks
Armour
 b - a +0 leather armour (worn)
Potions
 i - a potion of haste {unknown}
Comestibles
 f - a bread ration


   Skills:
 + Level 2.5 Fighting
 + Level 1.5 Short Blades
 - Level 3.6 Throwing
 - Level 1.5 Dodging
 - Level 1.2 Stealth


You had 2 spell levels left.
You didn't know any spells.

Dungeon Overview and Level Annotations

Branches:
Dungeon (1/15)

Altars:


Innate Abilities, Weirdness & Mutations

You have extremely sharp teeth.
When hurt, damage is shared between your health and your magic reserves.
Your bite disrupts and absorbs the magic of your enemies.
Potions cannot restore your health.
You are immune to rotting.


Message History

You whack the ball python!
You kill the ball python!
The jackal barely misses you.
The jackal bites you but does no damage. x2
You barely miss the goblin. The jackal barely misses you. The jackal bites you.
* * * LOW HITPOINT WARNING * * *
The goblin misses you. The jackal misses you.
Unknown command.
You closely miss the jackal. The jackal closely misses you.
The jackal barely misses you. The kobold closely misses you.
The goblin hits you but does no damage. The jackal closely misses you.
You hit the jackal. Your bite misses the jackal.
The jackal is moderately wounded.
The jackal bites you.
* * * LOW HITPOINT WARNING * * *
The jackal closely misses you. The kobold hits you but does no damage.
The goblin hits you with a dagger.
* * * LOW HITPOINT WARNING * * *
The jackal bites you.
You die...

##.............#..(...#.#..
##........######......#.#..
+.....................+....
##.#..........#.......#.#..
......(.#..S.h.....#.......# #..
.......g#....g...[.#....####+#..
.......h#######....#....##......
.....S#h########g.##....##....##
......#(#....JK@h.....#.##....
......+......rh##..####.##....##
......#(#...... .....!..........
#...... +#..### #...... .....#.
...# #...... .....#.
$............. .... #.
.......##..... .... .. . #.....
#.....


You could see an ooze, 2 jackals, a goblin, a kobold and a rat.

Vanquished Creatures
  A gnoll (D:1)
  A dart slug (D:1)
  A leopard gecko (D:1)
  A bat (D:1)
  A giant cockroach (D:1)
  2 hobgoblins (D:1)
  A jackal (D:1)
  A ball python (D:1)
  2 frilled lizards (D:1)
  2 kobolds (D:1)
13 creatures vanquished.

Notes
Turn   | Place    | Note
-------+----------+-------------------------------------------
     0 | D:1      | nono the Vine Stalker Hunter began the quest for the Orb.
     0 | D:1      | Reached XP level 1. HP: 11/11 MP: 2/2
    17 | D:1      | Reached skill level 1 in Short Blades
    17 | D:1      | Reached XP level 2. HP: 7/15 MP: 1/3
   182 | D:1      | Reached XP level 3. HP: 7/19 MP: 4/4
   202 | D:1      | Slain by a jackal

Vault maps used:
D:1:      dpeg_arrival_fog, minmay_tree_intersection

Skill      XL: |  1 |
---------------+----+-----
Fighting       | 2 |  2.5
Short Blades   | 1 |  1.5
Throwing       | |  3.6
Dodging        | |  1.5
Stealth        | |  1.2

Action                   || total
-------------------------++-------
Melee: Short sword       ||    17
       Bite              ||     3
       Whip              ||     8
Throw: Javelin           ||    17
       Throwing net      ||     1
  Use: Scroll            ||     1
Armor: Leather armour    ||    11
Dodge: Dodged            ||    32
